 Dungeon Crawl Stone Soup version 0.26.1-11-gd32895ea62 (webtiles) character file.

Game seed: 15875048620604270319

61 Zeld the Slasher (level 4, -2/29 HPs)
             Began as an Octopode Warper on May 19, 2021.
             Slain by a worm (14 damage)
             ... on level 2 of the Dungeon.
             The game lasted 00:01:32 (1636 turns).

Zeld the Slasher (Octopode Warper)                  Turns: 1636, Time: 00:01:33

Health: -2/29      AC:  1    Str: 11    XL:     4   Next: 7%
Magic:  8/8        EV: 13    Int: 15    God:
Gold:   65         SH:  0    Dex: 11    Spells: 4/9 levels left

rFire    . . .     SeeInvis .   a - +0 falchion
rCold    . . .     Faith    .   (no shield)
rNeg     . . .     Spirit   .   (helmet restricted)
rPois    .         Reflect  .   (no amulet)
rElec    .         Harm     .   (no ring)
rCorr    .         Rampage  .   (no ring)
Will     .....                  (no ring)
Stlth    ++........             (no ring)
HPRegen  0.09/turn              (no ring)
MPRegen  0.11/turn              (no ring)
                                (no ring)
                                (no ring)

@: no status effects
A: almost no armour, stealthy swim, amphibious, 8 rings, constrict 8, camouflage
1, gelatinous body 1
a: no special abilities


You were on level 2 of the Dungeon.
You visited 1 branch of the dungeon, and saw 2 of its levels.

You collected 65 gold pieces.

Inventory:

Hand Weapons
 a - a +0 falchion (weapon)
Missiles
 d - 5 boomerangs of dispersal (quivered)
Jewellery
 b - a cursed -4 ring of dexterity {unknown}
 f - a +4 ring of evasion {unknown}
 h - an uncursed amulet of reflection {unknown}
 l - an uncursed ring of willpower {unknown}
 m - an uncursed ring of resist corrosion {unknown}
Wands
 n - a wand of disintegration (16)
Scrolls
 c - 3 scrolls of blinking
 e - 2 scrolls of identify {unknown}
 g - a scroll of teleportation {unknown}
 i - 3 scrolls of remove curse {unknown}
 j - a scroll of fog {unknown}
Potions
 k - 3 potions of curing {unknown}


   Skills:
 - Level 2.0 Fighting
 * Level 3.2 Long Blades
 - Level 1.0 Throwing
 - Level 2.3 Dodging
 * Level 3.1 Spellcasting
 - Level 3.0 Translocations


You had 4 spell levels left.
You knew the following spells:

 Your Spells              Type           Power        Failure   Level
a - Blink                 Tloc           N/A          9%          2
b - Gell's Gravitas       Tloc           5%           17%         3

Your spell library contained the following spells:

 Spells                   Type           Power        Failure   Level
 Lesser Beckoning         Tloc           5%           17%         3
 Teleport Other           Tloc           11%          17%         3
 Passage of Golubria      Tloc           N/A          50%         4


Dungeon Overview and Level Annotations

Branches:
Dungeon (2/15)

Altars:
Fedhas
Hepliaklqana
Trog


Innate Abilities, Weirdness & Mutations

You cannot wear most types of armour.
You are very stealthy in the water. (Stealth+)
You are amphibious.
You can wear up to eight rings at the same time.
You can use your tentacles to constrict eight enemies at once.
Your skin changes colour to match your surroundings (Stealth+).
Your rubbery body absorbs attacks. (AC +1, EV +1)


Message History

The moth of wrath goads the worm on!
The worm goes berserk!
The worm closely misses you.
You riposte.
You hit the worm. You grab the worm.
The worm is moderately wounded.
You hit the worm.
The worm is heavily wounded.
You constrict the worm. The worm misses you.
You hit the worm.
The worm is severely wounded.
You constrict the worm. The worm bites you!
Ouch! That really hurt!
You are too injured to fight recklessly!
Unknown command.
You are too injured to fight recklessly!
You are too injured to fight recklessly!
Unknown command.
You are too injured to fight recklessly!
You hit the worm. You squeeze the worm, but do no damage.
The worm is severely wounded.
You constrict the worm. The rat bites you. The worm bites you!
You die...

..#...........#######....# #
..#..........###....####.# #
..'.........##.......##..########
..#........##)........#..........
..#........##....#....##.########
..#........#)...###...##.#
###........#.._.#y#......#
##########...w###...##.#
#).r@#....##.# #.).......#..#
##.......##### # ###....## #
###### # # # # #


You could see a moth of wrath, a worm (berserk) and a rat.

Vanquished Creatures
  An adder (D:2)
  3 worms (D:2)
  2 leopard geckos
  3 giant cockroaches
  3 goblins (D:1)
  4 hobgoblins
  3 jackals (D:1)
  5 kobolds
  6 bats
  3 frilled lizards
  8 rats
41 creatures vanquished.

Notes
Turn   | Place    | Note
-------+----------+-------------------------------------------
     0 | D:1      | Zeld the Octopode Warper began the quest for the Orb.
     0 | D:1      | Reached XP level 1. HP: 14/14 MP: 3/3
   148 | D:1      | Reached XP level 2. HP: 16/19 MP: 5/5
   155 | D:1      | Learned a level 2 spell: Blink
   803 | D:2      | Reached XP level 3. HP: 21/24 MP: 6/6
   807 | D:2      | Learned a level 3 spell: Gell's Gravitas
   914 | D:2      | Noticed a moth of wrath
   918 | D:2      | Found a bloodstained altar of Trog.
  1246 | D:2      | Found a hazy altar of Hepliaklqana.
  1246 | D:2      | Found a blossoming altar of Fedhas.
  1358 | D:2      | Reached XP level 4. HP: 24/29 MP: 8/8
  1636 | D:2      | Slain by a worm

Illustrated notes

Levels and vault maps discovered:
D:1:      saegor_arrival_simple_b, layout_basic
D:2:      layout_basic, tgw_trog, gammafunk_temple_overflow_statue

Skill      XL: |  1  2  3 |
---------------+----------+-----
Long Blades    | 3 |  3.2
Spellcasting   | 3 |  3.1
Fighting       | |  2.0
Throwing       | |  1.0
Dodging        | |  2.3
Translocations | |  3.0

Action                   |  1- 3 |  4- 6 || total
-------------------------+-------+-------++-------
Melee: Falchion          |    70 |    11 ||    81
       Constrict         |    27 |     2 ||    29
       Tentacles         |    14 |     1 ||    15
 Stab: Sleeping          |     6 |       ||     6
Armor: Skin              |    10 |       ||    10
Dodge: Dodged            |    76 |     7 ||    83
       Rpst.: Falchion   |    26 |     2 ||    28
